 Dungeon Crawl Stone Soup version 0.29-a0-311-gcbd9eb2193 (webtiles) character file.

Game seed: 17343692234137291417

82 Leszczynek the Chopper (level 4, -4/35 HPs)
             Began as a Human Gladiator on Mar 28, 2022.
             Slain by Grinder (5 damage)
             ... on level 4 of the Dungeon.
             The game lasted 00:08:44 (979 turns).

Leszczynek the Chopper (Human Gladiator)             Turns: 979, Time: 00:08:44

Health: -4/35      AC:  5    Str: 17    XL:     4   Next: 70%
Magic:  4/4        EV: 12    Int: 12    God:
Gold:   36         SH:  0    Dex: 14    Spells: 3/3 levels left

rFire   . . .      SeeInvis .   a - +0 war axe
rCold   . . .      Faith    .   (no shield)
rNeg    . . .      Spirit   .   b - +0 leather armour
rPois   .          Reflect  .   c - +0 helmet
rElec   .          Harm     .   (no cloak)
rCorr   .          Rampage  .   l - +0 pair of gloves
Will    .....                   (no boots)
Stlth   +.........              (no amulet)
HPRegen 0.11/turn               (no ring)
MPRegen 0.09/turn               (no ring)

@: brilliant, attractive, flying, unable to read
A: clever 2, inability to read while threatened
a: no special abilities


You were on level 4 of the Dungeon.
You visited 1 branch of the dungeon, and saw 4 of its levels.

You collected 36 gold pieces.

Inventory:

Hand Weapons
 a - a +0 war axe (weapon)
Missiles
 e - a javelin (quivered)
Armour
 b - a +0 leather armour (worn)
 c - a +0 helmet (worn)
 l - a +0 pair of gloves (worn)
Jewellery
 o - a +6 ring of intelligence
Scrolls
 f - a scroll of magic mapping {unknown}
 g - 2 scrolls of blinking {unknown}
 j - 6 scrolls of identify {unknown}
 m - a scroll of immolation {unknown}


   Skills:
 * Level 3.0 Fighting
 * Level 3.8 Axes
 + Level 2.4 Throwing
 + Level 3.4 Dodging


You had 3 spell levels left.
You didn't know any spells.
Your spell library contained the following spells:

 Spells                   Type           Power      Damage    Failure   Level
 Gell's Gravitas          Tloc           0%         N/A       77%         3
 Summon Guardian Golem    Hex/Summ       0%         N/A       77%         3
 Teleport Other           Tloc           0%         N/A       77%         3
 Dispersal                Tloc           0%         N/A       100%        6
 Orb of Destruction       Conj           0%         9d5       100%        7
 Spellforged Servitor     Conj/Summ      0%         N/A       100%        7


Dungeon Overview and Level Annotations

Branches:
Dungeon (4/15)
 Temple: D:4-7

Altars:

Annotations:
D:4 3 runed translucent doors, Grinder; UltraNumeron's ghost, amateur DsCK


Innate Abilities, Weirdness & Mutations

Your mind is very acute. (Int +4)
You sometimes lose the ability to read scrolls when taking damage.


Message History

The bullfrog hits you. x2
Grinder gestures at you.
You barely resist.
You can move again.
Unknown command.
It was a potion of curing.
You feel better.
The bullfrog hits you but does no damage.
Grinder hits you.
It was a potion of cancellation.
You feel magically purged. The bullfrog hits you.
The bullfrog hits you but does no damage.
Grinder closely misses you.
It was a potion of attraction.
You feel attractive to monsters. The bullfrog misses you.
Grinder closely misses you.
It was a potion of mutation.
You feel extremely strange.
You feel clever. x2
You lose the ability to read scrolls when threatened.
The bullfrog hits you. x2; Grinder hits you but does no damage.
It was a potion of brilliance.
You feel clever all of a sudden. The bullfrog hits you!
You feel threatened and lose the ability to read scrolls!
* * * LOW HITPOINT WARNING * * *
Grinder hits you but does no damage.
It was a potion of flight.
You feel very buoyant.
You fly up into the air.
The bullfrog hits you but does no damage.
The bullfrog barely misses you. Grinder gestures at you.
You resist with significant effort.
You feel better. The bullfrog barely misses you. Grinder gestures at you.
Pain shoots through your body!
* * * LOW HITPOINT WARNING * * *
You hit Grinder.
Grinder is moderately wounded.
You hit the bullfrog.
The bullfrog closely misses you. x2; Grinder hits you.
You die...

.###..#...###.#
....$.#...# #.#
.###$.#...# #.# ##
.###..#..## #.# .#
..gg..#..## #.# .##
#######...# #.# ..
..........###.## .#
...............##F###.##
.#.#.....####...@5......
.#.#....<...#...##.##.##
.#.#.....##.#...# ..
.......#.##.#...# #.#
.#######....#...# #
.#...# ######...# .....#
....# ##.### ###### # .#


You could see Grinder and a bullfrog.

Vanquished Creatures
  2 gnolls (D:3)
  3 adders
  A dart slug (D:1)
  An orc (D:3)
  4 ball pythons
  2 endoplasms (D:4)
  A giant cockroach (D:2)
  4 goblins
  A hobgoblin (D:4)
  3 kobolds (D:3)
  5 bats
  2 frilled lizards
  3 rats
32 creatures vanquished.

Notes
Turn   | Place    | Note
-------+----------+-------------------------------------------
     0 | D:1      | Leszczynek the Human Gladiator began the quest for the Orb.
     0 | D:1      | Reached XP level 1. HP: 16/16 MP: 1/1
    57 | D:1      | Reached XP level 2. HP: 19/22 MP: 2/2
   205 | D:2      | HP: 4/23 [constriction (1)]
   207 | D:2      | Reached XP level 3. HP: 5/28 MP: 3/3
   485 | D:3      | Reached XP level 4. HP: 21/34 MP: 4/4
   783 | D:3      | Reached skill level 3 in Fighting
   889 | D:4      | Noticed UltraNumeron's ghost (amateur DsCK)
   892 | D:4      | Noticed an ice beast
   898 | D:4      | Found a runed translucent gate.
   898 | D:4      | Found a runed translucent gate.
   900 | D:4      | Found a runed translucent gate.
   962 | D:4      | Noticed Grinder
   963 | D:4      | Noticed a bullfrog
   969 | D:4      | Paralysed by Grinder for 3 turns
   975 | D:4      | Gained mutation: Your mind is acute. (Int +2) [potion of
                  | mutation]
   975 | D:4      | Gained mutation: Your mind is very acute. (Int +4) [potion
                  | of mutation]
   975 | D:4      | Gained mutation: You sometimes lose the ability to read
                  | scrolls when taking damage. [potion of mutation]
   976 | D:4      | HP: 2/35 [bullfrog (7)]
   979 | D:4      | Slain by Grinder

Illustrated notes

Levels and vault maps discovered:
D:1:      minmay_arrival_split_and_join, layout_loops_ring, serial_shops, shop
D:2:      layout_loops_corners, chequers_ecumenical_altar_simple, uniq_robin,
          uniq_natasha
D:3:      layout_loops_ring
D:4:      layout_basic, gammafunk_ghost_split, uniq_grinder

Skill      XL: |  1  2  3  4 |
---------------+-------------+-----
Fighting       | 3 |  3.0
Axes           | |  3.8
Throwing       | |  2.4
Dodging        | |  3.4

Action                   |  1- 3 |  4- 6 || total
-------------------------+-------+-------++-------
Melee: War axe           |    60 |    58 ||   118
Throw: Throwing net      |     5 |     3 ||     8
       Javelin           |     2 |       ||     2
  Use: Potion            |       |     7 ||     7
 Stab: Held in net/web   |       |     1 ||     1
       Sleeping          |       |     1 ||     1
Armor: Leather armour    |    26 |    20 ||    46
Dodge: Dodged            |    49 |    41 ||    90

Table legend: (Time is in decaauts)
 A = Elapsed time spent in this place.
 B = Non-inter-level travel time spent in this place.
 C = Inter-level travel time spent in this place.
 D = Time resting spent in this place.
 E = Time spent auto-exploring this place.
 F = Levels seen in this place.
 G = Mean time per level.
                   A        B        C        D        E       F      G
               +--------+--------+--------+--------+--------+-----+--------+
         Total |   1058 |   1022 |     36 |      0 |      0 |   4 |  264.5 |
       Dungeon |   1058 |   1022 |     36 |      0 |      0 |   4 |  264.5 |
               +--------+--------+--------+--------+--------+-----+--------+

Top non-repeatable levels by time:
     D:3: 487 daAuts
     D:2: 356 daAuts
     D:1: 107 daAuts
     D:4: 105 daAuts
